 Dungeon Crawl Stone Soup version 0.22-a0-558-gc224181 (webtiles) character file.

15508 inc the Basher (level 12, -1/198 HPs)
             Began as an Ogre Hunter on June 27, 2018.
             Was a High Priest of Okawaru.
             Slain by a spiny frog (18 damage)
             ... on level 2 of the Lair of Beasts.
             The game lasted 00:29:19 (15832 turns).

inc the Basher (Ogre Hunter)                       Turns: 15832, Time: 00:29:19

Health: -1/198     AC:  8    Str: 28    XL:     12   Next: 27%
Magic:  12/18      EV: 11    Int: 12    God:    Okawaru [*****.]
Gold:   661        SH: 10    Dex: 12    Spells: 11/11 levels left

rFire    . . .     SeeInvis .   G - +4 flail (crush)
rCold    + . .     Gourm    .   S - +0 shield {AC+3}
rNeg     . . .     Faith    +   t - +0 troll leather armour
rPois    .         Spirit   .   (helmet restricted)
rElec    .         Reflect  .   M - scarf {repulsion}
rCorr    .         Harm     .   (gloves unavailable)
MR       +....                  (boots unavailable)
Stlth    ..........             V - amulet of faith
HPRegen  0.83/turn              E - ring of protection from cold
MPRegen  0.16/turn              u - +3 ring of dexterity

@: berserking, heroism, repel missiles, very quick
A: large, unfitting armour, tough skin 1
a: Heroism, Finesse, Renounce Religion


You were on level 2 of the Lair of Beasts.
You worshipped Okawaru.
Okawaru was extremely pleased with you.
You were not hungry.

You visited 3 branches of the dungeon, and saw 14 of its levels.

You collected 661 gold pieces.

Inventory:

Hand Weapons
 a - a +0 giant club
 b - a +0 blowgun
 G - a +4 flail of crushing (weapon)
 U - a +0 giant spiked club
Missiles
 c - 8 large rocks (quivered)
 d - 3 throwing nets
 i - 50 poisoned needles
 L - a curare-tipped needle
 T - 2 needles of confusion
 Z - 3 javelins of penetration
Armour
 t - a +0 troll leather armour (worn)
 z - a +0 cloak
 M - a scarf of repulsion (worn)
 P - a +0 hat
 S - a +0 shield of protection (worn)
Jewellery
 l - an uncursed ring of ice
 u - a +3 ring of dexterity (right hand)
 x - an uncursed amulet of guardian spirit
 E - a ring of protection from cold (left hand)
 F - an uncursed ring of flight
 N - an uncursed amulet of regeneration {unknown}
 O - a -6 ring of protection
 V - an amulet of faith (around neck)
Scrolls
 g - 6 scrolls of remove curse
 h - 3 scrolls of fog {unknown}
 k - 2 scrolls of enchant armour {unknown}
 m - 5 scrolls of teleportation {unknown}
 s - 2 scrolls of blinking {unknown}
 w - a scroll of immolation {unknown}
 y - 3 scrolls of noise {unknown}
 A - 3 scrolls of enchant weapon {unknown}
 B - 2 scrolls of amnesia {unknown}
 C - 2 scrolls of identify
 H - a scroll of silence {unknown}
 Q - a scroll of brand weapon {unknown}
 R - a scroll of magic mapping {unknown}
 Y - 2 scrolls of random uselessness {unknown}
Potions
 e - a potion of cancellation
 j - 2 potions of berserk rage
 n - 4 potions of curing
 o - a potion of lignification
 p - 3 potions of might
 q - 2 potions of agility
 r - 4 potions of degeneration
 v - 2 potions of brilliance
 D - a potion of haste
 I - a potion of resistance
 J - a potion of magic
 K - a potion of heal wounds
Comestibles
 f - 19 rations


   Skills:
 - Level 12.1(17.1) Fighting
 - Level 13.8(18.8) Maces & Flails
 - Level 4.0(9.0) Throwing
 - Level 1.7(6.7) Dodging
 - Level 0.6(5.6) Stealth
 + Level 0.0(5.0) Shields
 - Level 8.3 Invocations


You had 11 spell levels left.
You didn't know any spells.
Your spell library contained the following spells:

 Spells                   Type           Power        Failure   Level  Hunger
 Animate Dead             Necr           N/A          100%        4    #####..
 Pain                     Necr           #...         65%         1    ##.....
 Animate Skeleton         Necr           N/A          65%         1    ##.....
 Vampiric Draining        Necr           #.........   95%         3    ####...
 Regeneration             Chrm/Necr      #.........   95%         3    ####...
 Spider Form              Tmut/Pois      #.........   95%         3    ####...
 Blade Hands              Tmut           #.........   100%        5    ######.
 Ice Form                 Ice/Tmut       #.......     100%        4    #####..
 Sticks to Snakes         Tmut           #.......     78%         2    ###....
 Beastly Appendage        Tmut           #.....       65%         1    ##.....


Dungeon Overview and Level Annotations

Branches:
Dungeon (11/15)            Temple (1/1) D:6            Lair (2/6) D:11
    Orc (0/2) D:9
  Swamp: Lair:2-4    Shoals: Lair:2-4     Snake: Lair:2-4    Spider: Lair:2-4

Altars:
Ashenzari
Cheibriados
Dithmenos
Elyvilon
Fedhas
Gozag
Hepliaklqana
Kikubaaqudgha
Makhleb
Nemelex Xobeh
Okawaru
Qazlal
Ru
Sif Muna
Trog
Uskayaw
Vehumet
Wu Jian
Xom
Yredelemnul
Zin
The Shining One

Shops:
D:8 (

Annotations:
D:9 Erolcha


Innate Abilities, Weirdness & Mutations

You are too large for most types of armour.
You have tough skin. (AC +1)


Message History

You hit the hippogriff.
The hippogriff is severely wounded.
The spiny frog stings you!!
* * * LOW HITPOINT WARNING * * *
You block the spiny frog's attack.
Unknown command.
You can now deal lightning-fast blows.
You block the hippogriff's attack. The hippogriff pecks you.
* * * LOW HITPOINT WARNING * * *
The hippogriff closely misses you. You block the spiny frog's attack.
A red film seems to cover your vision as you go berserk!
Your finesse ends abruptly.
You feel yourself moving faster!
You feel mighty! The spiny frog stings you!!
* * * LOW HITPOINT WARNING * * *
The hippogriff bites you.
* * * LOW HITPOINT WARNING * * *
You block the hippogriff's attack. The hippogriff claws you!
* * * LOW HITPOINT WARNING * * *
The spiny frog stings you!!
You die...

....##..#
#.#.....##
###........#
...........
..........#
..........##
...........#
.......HFF#
.##+##.#@.#
#..#.#..#
#.....#..#
#....#..##
...#....##.##
#......#..#
...#.....#.##
..+.....#..###
...P...P##...#


You could see a hippogriff and 2 spiny frogs.

Vanquished Creatures
  Fannar (Lair:1)
  A hydra (D:11)
  A two-headed ogre (D:10)
  3 death yaks (Lair:1)
  Sonja (Lair:1)
  Pikel (D:7)
  An elephant (D:11)
  Joseph (Lair:1)
  A spiny frog (Lair:1)
  A komodo dragon (Lair:1)
  A freezing wraith (D:11)
  A troll (D:11)
  A hornet (D:10)
  6 hippogriffs
  A wyvern (D:11)
  11 yaks
  Menkaure (D:6)
  2 basilisks (D:11)
  A hungry ghost (D:9)
  4 wargs (D:9)
  Edmund (D:5)
  Duvessa (D:5)
  A water moccasin (D:10)
  An ice beast (D:10)
  A slave (D:7)
  A black bear (D:10)
  3 orc warriors
  3 sky beasts
  A phantom (D:9)
  4 ogres
  2 centaurs (D:6)
  A crocodile (D:4)
  Blork the orc (D:4)
  6 bullfrogs
  Dowan (D:5)
  2 scorpions
  A water moccasin skeleton (D:5)
  5 killer bees (D:7)
  4 wights (D:10)
  A howler monkey (D:11)
  4 crimson imps
  A hound (D:5)
  3 centaur zombies
  3 jellies
  A bullfrog zombie (D:9)
  9 orc priests
  2 bullfrog skeletons (D:5)
  A centaur skeleton (D:5)
  Jessica (D:2)
  4 iguanas
  17 orc wizards
  5 worker ants
  3 hound skeletons
  3 gnolls (D:7)
  9 adders
  2 shadow imps
  3 dart slugs
  3 worms
  5 leopard geckos
  43 orcs
  9 bats
  4 giant cockroaches
  6 goblins
  9 hobgoblins
  4 jackals (D:2)
  5 quokkas
  4 frilled lizards
  A jackal zombie (D:6)
  6 kobolds
  A leopard gecko skeleton (D:4)
  A quokka zombie (D:5)
  9 rats
263 creatures vanquished.

Vanquished Creatures (others)
  A worker ant (D:7)
  A plant (Lair:1)
2 creatures vanquished.

Grand Total: 265 creatures vanquished

Notes
Turn   | Place    | Note
-------+----------+-------------------------------------------
     0 | D:1      | inc the Ogre Hunter began the quest for the Orb.
     0 | D:1      | Reached XP level 1. HP: 22/22 MP: 1/1
   149 | D:1      | Reached XP level 2. HP: 21/32 MP: 2/2
  1175 | D:2      | Reached XP level 3. HP: 26/40 MP: 3/3
  1346 | D:2      | Reached skill level 5 in Fighting
  1606 | D:2      | Noticed an ogre
  1608 | D:2      | Killed an ogre
  1608 | D:2      | Reached XP level 4. HP: 51/53 MP: 4/4
  1608 | D:2      | Reached XP level 5. HP: 58/61 MP: 5/5
  1718 | D:2      | Noticed Jessica
  1723 | D:2      | Killed Jessica
  3389 | D:3      | Found a sparkling altar of Nemelex Xobeh.
  3389 | D:3      | Found an iron altar of Okawaru.
  3451 | D:3      | Became a worshipper of Warmaster Okawaru
  3532 | D:3      | Reached skill level 1 in Maces & Flails
  3637 | D:3      | Found a glowing golden altar of the Shining One.
  4089 | D:4      | Reached XP level 6. HP: 47/71 MP: 6/6
  4091 | D:4      | Reached skill level 2 in Maces & Flails
  4461 | D:4      | Found a shimmering altar of Xom.
  4510 | D:4      | Reached skill level 3 in Maces & Flails
  4723 | D:4      | Reached XP level 7. HP: 78/78 MP: 7/7
  4906 | D:4      | Noticed Blork the orc
  4908 | D:4      | Killed Blork the orc
  4908 | D:4      | Reached * piety under Okawaru
  4908 | D:4      | Reached skill level 4 in Maces & Flails
  5598 | D:5      | Entered Level 5 of the Dungeon
  5603 | D:5      | Noticed Dowan
  5880 | D:5      | Found a sacrificial altar of Ru.
  6129 | D:5      | Reached skill level 5 in Maces & Flails
  6129 | D:5      | Reached XP level 8. HP: 85/88 MP: 10/10
  6209 | D:5      | Reached ** piety under Okawaru
  6209 | D:5      | Noticed Duvessa
  6402 | D:5      | Killed Duvessa
  6407 | D:5      | Killed Dowan
  6687 | D:5      | Reached skill level 6 in Maces & Flails
  6805 | D:5      | Found a snail-covered altar of Cheibriados.
  7230 | D:6      | Noticed Edmund
  7298 | D:6      | Noticed Menkaure
  7309 | D:5      | Killed Edmund
  7506 | D:5      | HP: 5/139 [orc priest/divine providence (12)]
  7970 | D:6      | Killed Menkaure
  7970 | D:6      | Reached skill level 10 in Fighting
  7970 | D:6      | Reached XP level 9. HP: 86/101 MP: 6/11
  8011 | D:6      | Reached skill level 7 in Maces & Flails
  8042 | D:6      | Found a staircase to the Ecumenical Temple.
  8087 | D:6      | Reached *** piety under Okawaru
  8370 | Temple   | Entered the Ecumenical Temple
  9174 | D:7      | Reached skill level 8 in Maces & Flails
  9402 | D:7      | Noticed Pikel
  9420 | D:7      | Killed Pikel
  9420 | D:7      | Reached skill level 9 in Maces & Flails
  9858 | D:7      | Reached XP level 10. HP: 72/110 MP: 6/12
 10103 | D:7      | Reached skill level 10 in Maces & Flails
 10128 | D:7      | Reached **** piety under Okawaru
 10355 | D:8      | Found Tetzy's Antique Weapon Emporium.
 10430 | D:8      | Found a radiant altar of Vehumet.
 10430 | D:8      | Found a glowing silver altar of Zin.
 10430 | D:8      | Found a glowing golden altar of the Shining One.
 11312 | D:9      | Found a staircase to the Orcish Mines.
 11335 | D:9      | Reached skill level 11 in Maces & Flails
 12046 | D:9      | Noticed Erolcha
 12085 | D:10     | Entered Level 10 of the Dungeon
 12131 | D:10     | Received a gift from Okawaru
 12850 | D:10     | Noticed a two-headed ogre
 12858 | D:10     | Killed a two-headed ogre
 12858 | D:10     | Reached skill level 12 in Maces & Flails
 13027 | D:11     | Noticed a four-headed hydra
 13089 | D:11     | Killed a four-headed hydra
 13089 | D:11     | Reached ***** piety under Okawaru
 13089 | D:11     | Reached XP level 11. HP: 118/118 MP: 11/13
 13151 | D:11     | Found a staircase to the Lair.
 13167 | D:11     | Reached skill level 5 in Invocations
 13182 | D:11     | HP: 8/177 [yak (15)]
 14010 | D:11     | Received a gift from Okawaru
 14478 | D:11     | Received a gift from Okawaru
 14571 | D:11     | Noticed a death knight
 14573 | D:11     | Noticed a skeletal warrior
 14586 | D:11     | HP: 4/119 [death knight/broad axe (19)]
 14812 | Lair:1   | Entered Level 1 of the Lair of Beasts
 14812 | Lair:1   | Noticed Fannar
 14821 | Lair:1   | Noticed Joseph
 14834 | Lair:1   | Killed Fannar
 14847 | Lair:1   | Killed Joseph
 15126 | Lair:1   | Reached skill level 13 in Maces & Flails
 15343 | Lair:1   | Reached XP level 12. HP: 102/132 MP: 15/18
 15384 | Lair:1   | Noticed Sonja
 15389 | Lair:1   | Killed Sonja
 15475 | Lair:1   | Noticed a death yak
 15475 | Lair:1   | Noticed a death yak
 15475 | Lair:1   | Noticed a death yak
 15505 | Lair:1   | Killed a death yak
 15534 | Lair:1   | Killed a death yak
 15534 | Lair:1   | Received a gift from Okawaru
 15543 | Lair:1   | Killed a death yak
 15832 | Lair:2   | Slain by a spiny frog

Vault maps used:
D:1:      sevenhm_arrival_forest_fort_small_4
D:2:      uniq_jessica
D:3:      gammafunk_temple_overflow_wave, minmay_door_square, tso_metal_star
D:4:      first_ration, xom_teletrap_fun, uniq_blork_the_orc
D:5:      hangedman_ru_absence, basic_altar, uniq_duvessa
D:6:      minmay_temple_entry_overgrown, grunt_ministairs_10,
          palyth_stone_intersect, uniq_menkaure, uniq_edmund
D:7:      uniq_pikel
D:8:      gammafunk_temple_overflow_forgotten, serial_shops,
          nicolae_shop_crystal
D:9:      minmay_orc_entry_guard_dogs, uniq_erolcha
D:11:     david_lair_generic, grunt_ogre_cave, kennysheep_generic_room_10
Temple:   nicolae_temple_elliptical
Lair:1:   uniq_joseph, uniq_sonja, uniq_fannar
Lair:2:   nicolae_spider_entry_orb_guardian, uniq_harold

Skill      XL: |  1  2  3  4  5  6  7  8  9 10 11 |
---------------+----------------------------------+-----
Fighting       | 3 4 6 7 10 12 | 12.1
Maces & Flails | 1 3 5 6 9 12 13 | 13.8
Invocations    | 3 8 |  8.3
Throwing       | |  4.0
Dodging        | |  1.7
Stealth        | |  0.6

Action                   |  1- 3 |  4- 6 |  7- 9 | 10-12 || total
-------------------------+-------+-------+-------+-------++-------
Melee: Short sword       |   124 |    73 |       |       ||   197
       Giant club        |       |    72 |   149 |    36 ||   257
       Flail             |       |       |   104 |   301 ||   405
       Punch             |       |       |       |     4 ||     4
 Fire: Blowgun           |       |       |       |     4 ||     4
Throw: Large rock        |     4 |    12 |    12 |    33 ||    61
       Throwing net      |       |       |     1 |       ||     1
Invok: Heroism           |       |       |     5 |    21 ||    26
       Finesse           |       |       |       |     4 ||     4
  Use: Scroll            |       |       |     7 |     5 ||    12
       Potion            |       |       |     3 |     5 ||     8
 Stab: Sleeping          |     1 |     3 |     1 |     3 ||     8
  Eat: Chunk             |     2 |    10 |    10 |    14 ||    36
       Ration            |       |       |     2 |     2 ||     4
Armor: Robe              |    39 |    55 |    36 |    30 ||   160
       Troll leather arm |       |       |       |    20 ||    20
Dodge: Dodged            |    79 |    91 |   142 |   133 ||   445
       Deflected         |       |       |       |     4 ||     4
Block: Shield            |       |       |       |    14 ||    14

Table legend:
 A = Spawn XP
 B = Non-spawn XP
 C = Spawn XP percentage of total XP
 D = Spawn monster count
 E = Non-spawn monster count
 F = Spawn count percentage of total count
 G = Total turns spent on level
                    A         B        C        D         E        F      G
               +---------+---------+-------+---------+---------+-------+---------
         Total |       0 |   22155 |   0.0 |       0 |     262 |   0.0 | 15832
               +---------+---------+-------+---------+---------+-------+---------
           D:1 |       0 |      28 |   0.0 |       0 |      18 |   0.0 |  1060
           D:2 |       0 |     240 |   0.0 |       0 |      34 |   0.0 |  1713
           D:3 |       0 |      41 |   0.0 |       0 |      14 |   0.0 |  1291
           D:4 |       0 |     554 |   0.0 |       0 |      23 |   0.0 |  1570
           D:5 |       0 |    1395 |   0.0 |       0 |      33 |   0.0 |  2206
           D:6 |       0 |     636 |   0.0 |       0 |      12 |   0.0 |   911
           D:7 |       0 |    1917 |   0.0 |       0 |      33 |   0.0 |  1475
           D:8 |       0 |     282 |   0.0 |       0 |      11 |   0.0 |   473
           D:9 |       0 |    1574 |   0.0 |       0 |      13 |   0.0 |  1243
          D:10 |       0 |    2176 |   0.0 |       0 |      19 |   0.0 |  1111
          D:11 |       0 |    5904 |   0.0 |       0 |      34 |   0.0 |  1622
        Lair:1 |       0 |    7408 |   0.0 |       0 |      18 |   0.0 |   970
               +---------+---------+-------+---------+---------+-------+---------
